 Dungeon Crawl Stone Soup version 0.30-a0-52-g86a8295270 (webtiles) character file.

Game seed: 1007717574189376039

119 kae the Firebug (level 4, 0/33 HPs)
             Began as a Demigod Fire Elementalist on Sept 6, 2022.
             Slain by an adder (2 damage)
             ... in a sewer.
             The game lasted 00:01:37 (2141 turns).

kae the Firebug (Demigod Fire Elementalist)         Turns: 2141, Time: 00:01:38

Health: 0/33       AC:  2    Str:  8 (9)  XL:     4   Next: 46%
Magic:  8/10       EV: 12    Int: 20 (21) God:
Gold:   145        SH:  0    Dex: 12 (14) Spells: 1/7 levels left

rFire   . . .      SeeInvis .    c - +0 hand axe
rCold   . . .      Faith    .    (no shield)
rNeg    . . .      Spirit   .    a - +0 robe
rPois   .          Reflect  .    (no helmet)
rElec   .          Harm     .    (no cloak)
rCorr   .          Rampage  .    (no gloves)
Will    .....                    (no boots)
Stlth   +.........               k - amulet of magic regeneration
HPRegen 0.11/turn                (no ring)
MPRegen 0.52/turn                (no ring)

@: lethally poisoned (0 -> -3), very slow
A: high MP 1, forlorn, divine attributes
a: no special abilities


You were in a sewer.
You visited 1 branch of the dungeon, and saw 3 of its levels.
You also visited: Sewer.

You collected 145 gold pieces.


Innate Abilities, Weirdness & Mutations

You have an increased reservoir of magic. (+10% MP)
You shall have no god before yourself.
Your divine heritage dramatically boosts your attributes as you level up.


   Skills:
 - Level 1.7 Dodging
 - Level 1.7 Stealth
 + Level 2.4 Spellcasting
 * Level 2.7 Conjurations
 * Level 3.8 Fire Magic


You had one spell level left.
You knew the following spells:

 Your Spells              Type           Power      Damage    Failure   Level
a - Foxfire               Conj/Fire      60%        2x1d7     4%          1
b - Scorch                Fire           34%        2d7       4%          2
c - Conjure Flame         Conj/Fire      15%        6-21      12%         3

Your spell library contained the following spells:

 Spells                   Type           Power      Damage    Failure   Level
 Beastly Appendage        Tmut           4%         N/A       16%         1
 Sandblast                Erth           4%         2d4       16%         1
 Inner Flame              Hex/Fire       10%        N/A       21%         3
 Passwall                 Tmut/Erth      1%         N/A       22%         2
 Wereblood                Tmut           2%         N/A       22%         2
 Stone Arrow              Conj/Erth      14%        3d7       26%         3
 Flame Wave               Conj/Fire      15%        2d7       36%         4
 Spider Form              Tmut/Pois      2%         N/A       41%         3

Inventory:

Hand Weapons
 c - a +0 hand axe (weapon)
   (You found it on level 1 of the Dungeon)
Missiles
 d - 19 stones
 m - 4 poisoned darts
Armour
 a - a +0 robe (worn)
Jewellery
 k - an amulet of magic regeneration (around neck)
   (You found it on level 1 of the Dungeon)
 o - an amulet of reflection
   (You found it on level 2 of the Dungeon)
Scrolls
 h - a scroll of enchant armour {unknown}
 i - 5 scrolls of identify {unknown}
Potions
 b - a potion of magic
 e - 3 potions of curing {@q1}
 f - a potion of heal wounds {unknown}
 g - a potion of attraction {!q}
 j - a potion of berserk rage {unknown}
 l - 5 potions of flight
 n - a potion of brilliance {unknown}

Dungeon Overview and Level Annotations

Branches:
Dungeon (3/15) Zot: 16195   Sewer (1/1) Zot: 5615

##########################
~~~~~~~~~~.~.~§.~~~≈≈≈≈≈≈≈
≈≈≈≈≈≈≈≈≈≈≈≈≈≈≈≈≈≈.≈≈≈≈≈≈≈
.~.~~~~~~~~...~~~≈~≈≈≈≈≈≈≈
################~≈~#######
#~≈~# #~≈~#
#####++#####@S~#
.........~.SS§~#
..........~~§~.#
#####''#####~≈~# #...
#~≈.# #### #†≈.# #~≈~#
†~≈~# ≈.≈.#


You could see 3 adders.


Message History

A giant cockroach is nearby!
A giant cockroach is nearby!
Casting: Scorch (safe; 4% risk of failure)
Confirm with . or Enter, or press ? or * to list all spells.
You conjure some foxfire!
The foxfire hits the giant cockroach.
Casting: Foxfire (safe; 4% risk of failure)
Confirm with . or Enter, or press ? or * to list all spells.
You conjure some foxfire!
The giant cockroach is engulfed in a cloud of scalding steam.
You kill the giant cockroach!
You enter the shallow water.
Moving in this stuff is going to be slow.
A giant cockroach comes into view.
Casting: Foxfire (safe; 4% risk of failure)
Confirm with . or Enter, or press ? or * to list all spells.
You conjure some foxfire!
The foxfire hits the giant cockroach.
A giant cockroach is nearby!
A giant cockroach is nearby!
Casting: Foxfire (safe; 4% risk of failure)
Confirm with . or Enter, or press ? or * to list all spells.
You conjure some foxfire!
The foxfire hits the giant cockroach.
You kill the giant cockroach!
A bat comes into view.
The foxfire hits the bat.
You kill the bat!
Casting: Foxfire (safe; 4% risk of failure)
Confirm with . or Enter, or press ? or * to list all spells.
You conjure some foxfire!
As you open the large door, it creaks loudly! 3 adders come into view.
The adder hisses angrily. x3; You hear an angry hiss.
An adder comes into view.
The adder moves out of view.
There are monsters nearby!
Casting: Foxfire (safe; 4% risk of failure)
Confirm with . or Enter, or press ? or * to list all spells.
You conjure some foxfire!
The adder bites you but does no damage. The adder bites you.
The foxfire hits the adder. x2; The adder bites you. x2 😕 HP[-8]
You take 8 damage, and now have 25/33 hp.
MASSIVE DAMAGE!! (PAUSE) 😕 HP[+1]
The adder attacks as you move away! The adder barely misses you.
You enter the shallow water.
Moving in this stuff is going to be slow.
The adder bites you.
You are poisoned.
The adder poisons you! 😕 HP[-1]
You take 1 damage, and now have 25/33 hp.
The adder attacks as you move away! The adder barely misses you.
You feel sick. The adder bites you. The adder closely misses you. 😮 HP[-4]
You take 4 damage, and now have 21/33 hp.
The adder attacks as you move away! The adder bites you but does no damage.
You enter the shallow water.
Moving in this stuff is going to be slow.
You feel sick.
The adder barely misses you. x2 😮 HP[-1]
You take 1 damage, and now have 20/33 hp.
You feel sick. The adder bites you.
* * * LOW HITPOINT WARNING * * *
The adder barely misses you. x2 😨 HP[-6]
You take 6 damage, and now have 14/33 hp.
Unknown command.
Casting: Foxfire (safe; 4% risk of failure)
Confirm with . or Enter, or press ? or * to list all spells.
Flames lash the adder.
The adder's fire resistance burns away.
You feel sick.
You are no longer poisoned.
The adder bites you.
* * * LOW HITPOINT WARNING * * *
You are poisoned.
The adder poisons you!
The adder is engulfed in a cloud of scalding steam.
The adder bites you.
* * * LOW HITPOINT WARNING * * *
The adder bites you.
* * * LOW HITPOINT WARNING * * *
The adder bites you.
* * * LOW HITPOINT WARNING * * *
* * * LOW HITPOINT WARNING * * *
You feel sick. The adder closely misses you. The adder bites you.
* * * LOW HITPOINT WARNING * * *
Casting: Scorch (safe; 4% risk of failure)
Confirm with . or Enter, or press ? or * to list all spells.
Flames lash the adder.
The adder is burned terribly!
You kill the adder!
* * * LOW HITPOINT WARNING * * *
You feel sick.
The adder closely misses you. x2; The adder barely misses you.
The adder bites you but does no damage. The adder misses you.
You feel your strength returning.
* * * LOW HITPOINT WARNING * * *
You feel sick.
A bat comes into view.
The adder misses you. The adder bites you.
You die...

Skill      XL: |  1  2  3 |
---------------+----------+-----
Conjurations   | 1 2 |  2.7
Fire Magic     | 3 |  3.8
Spellcasting   | 2 |  2.4
Dodging        | |  1.7
Stealth        | |  1.7

Action                   |  1- 3 |  4- 6 || total
-------------------------+-------+-------++-------
Melee: Hand axe          |     1 |       ||     1
 Cast: Foxfire           |    81 |    14 ||    95
       Scorch            |     6 |     8 ||    14
  Use: Potion            |     4 |       ||     4
Armor: Robe              |     2 |     6 ||     8
       Skin              |     6 |     6 ||    12
Dodge: Dodged            |    22 |    23 ||    45

Levels and vault maps discovered:
D:1:      lightli_molten_gateway, layout_basic, serial_bayou_pond_b
D:2:      layout_basic, shapermc_ecumenical_altar_flowoftime
D:3:      layout_basic, gup_sewer_entry_bowl, hangedman_decor_diamond_cutter
Sewer:    sewer_fruit_machine

Notes
Turn   | Place    | Note
-------+----------+-------------------------------------------
     0 | D:1      | kae the Demigod Fire Elementalist began the quest for the
                  | Orb.
     0 | D:1      | Reached XP level 1. HP: 14/14 MP: 5/5
     0 | D:1      | magus.rc [v1.11.3]
    39 | D:1      | Reached skill level 1 in Conjurations
   371 | D:1      | You pick up a book of Changes and begin reading...
   371 | D:1      | You add the spells Beastly Appendage, Wereblood and Spider
                  | Form to your library.
   505 | D:1      | You pick up a book of Geomancy and begin reading...
   505 | D:1      | You add the spells Sandblast, Passwall and Stone Arrow to
                  | your library.
   565 | D:1      | Reached skill level 3 in Fire Magic
   565 | D:1      | Reached XP level 2. HP: 19/20 MP: 4/7
   731 | D:1      | Reached skill level 2 in Spellcasting
  1126 | D:1      | Learned a level 2 spell: Scorch
  1167 | D:2      | Reached XP level 3. HP: 26/26 MP: 6/8
  1194 | D:2      | Reached skill level 2 in Conjurations
  1762 | D:3      | Learned a level 3 spell: Conjure Flame
  1795 | D:3      | Found a glowing drain.
  1799 | Sewer    | Entered a sewer
  1809 | Sewer    | HP: 8/39 [river rat (6)]
  1813 | Sewer    | Reached XP level 4. HP: 22/33 MP: 7/10
  2138 | Sewer    | HP: 8/33 [adder (1)]
  2139 | Sewer    | HP: 3/33 [adder (1)]
  2141 | Sewer    | Slain by an adder

Vanquished Creatures
  4 adders
  2 river rats (Sewer)
  10 ball pythons
  An endoplasm (D:1)
  5 giant cockroaches
  6 goblins
  3 hobgoblins
  5 jackals
  3 kobolds (D:1)
  6 quokkas
  8 bats
  3 frilled lizards
  4 rats
60 creatures vanquished.

Vanquished Creatures (others)
  159 foxfires
159 creatures vanquished.

Grand Total: 219 creatures vanquished

Table legend:
 A = Non-vault XP
 B = Vault XP
 C = Vault XP percentage of total XP
 D = Non-vault monster count
 E = Vault monster count
 F = Vault count percentage of total count
                 A         B        C        D         E       F
            +---------+---------+-------+---------+---------+-------
      Total |      98 |      72 |  42.4 |      39 |      21 |  35.0
            +---------+---------+-------+---------+---------+-------
        D:1 |      24 |       5 |  17.2 |      15 |       3 |  16.7
        D:2 |      74 |       0 |   0.0 |      24 |       0 |   0.0
        D:3 |       0 |       6 | 100.0 |       0 |       3 | 100.0
      Sewer |       0 |      61 | 100.0 |       0 |      15 | 100.0
            +---------+---------+-------+---------+---------+-------

Illustrated notes

Table legend:
 A = Kills in this place as a percentage of kills in entire the game.
 B = Kills by you in this place as a percentage of kills by you in the entire game.
 C = Kills by friends in this place as a percentage of kills by friends in the entire game.
 D = Other kills in this place as a percentage of other kills in the entire game.
 E = Experience gained in this place as a percentage of experience gained in the entire game.
 F = Experience gained in this place divided by the number of levels of this place that you have seen.
                   A       B       C       D       E      F
               +-------+-------+-------+-------+-------+----------------------
         Total | 100.0 | 100.0 |   N/A |   N/A | 100.0 |  42.5
       Dungeon |  75.0 |  75.0 |   N/A |   N/A |  64.1 |  36.3
         Sewer |  25.0 |  25.0 |   N/A |   N/A |  35.9 |  61.0
               +-------+-------+-------+-------+-------+----------------------

Table legend: (Time is in decaauts)
 A = Elapsed time spent in this place.
 B = Non-inter-level travel time spent in this place.
 C = Inter-level travel time spent in this place.
 D = Time resting spent in this place.
 E = Time spent auto-exploring this place.
 F = Levels seen in this place.
 G = Mean time per level.
                   A        B        C        D        E       F      G
               +--------+--------+--------+--------+--------+-----+--------+
         Total |   2188 |   2164 |     24 |      0 |   1800 |   4 |  547.0 |
       Dungeon |   1804 |   1780 |     24 |      0 |   1497 |   3 |  601.3 |
         Sewer |    383 |    383 |      0 |      0 |    303 |   1 |  383.0 |
               +--------+--------+--------+--------+--------+-----+--------+

Top non-repeatable levels by time:
     D:1: 1140 daAuts
     D:2: 618 daAuts
   Sewer: 383 daAuts
     D:3: 45 daAuts
